 Dungeon Crawl Stone Soup version 0.27.1-34-g3ba077fa99 (webtiles) character file.

Game seed: 12340720229896895569

76 KrombopulosMichael the Conjurer (level 4, -3/24 HPs)
             Began as a Deep Elf Conjurer on Jan 10, 2022.
             Slain by a gnoll (8 damage)
             ... on level 2 of the Dungeon.
             The game lasted 00:04:29 (1276 turns).

KrombopulosMichael the Conjurer (Deep Elf Conjurer) Turns: 1276, Time: 00:04:30

Health: -3/24      AC:  2    Str:  4    XL:     4   Next: 12%
Magic:  7/11       EV: 12    Int: 24    God:
Gold:   27         SH:  0    Dex: 13    Spells: 9/10 levels left

rFire    + + .     SeeInvis .   j - staff of fire
rCold    + + .     Faith    .   (no shield)
rNeg     . . .     Spirit   .   a - +0 robe
rPois    +         Reflect  .   (no helmet)
rElec    +         Harm     .   (no cloak)
rCorr    +         Rampage  .   (no gloves)
Will     .....                  (no boots)
Stlth    ++........             (no amulet)
HPRegen  0.08/turn              b - ring of ice
MPRegen  0.12/turn              k - ring of protection from fire

@: resistant
A: no striking features
a: no special abilities


You were on level 2 of the Dungeon.
You visited 1 branch of the dungeon, and saw 2 of its levels.

You collected 60 gold pieces.
You spent 33 gold pieces at shops.

Inventory:

Armour
 a - a +0 robe (worn)
Magical Staves
 c - a staff of poison
 j - a staff of fire (weapon)
Jewellery
 b - a ring of ice (left hand)
 k - a ring of protection from fire (right hand)
Scrolls
 d - a scroll of vulnerability
 g - a scroll of immolation {unknown}
 i - 2 scrolls of teleportation {unknown}
Potions
 e - 2 potions of might
 h - 3 potions of curing {unknown}


   Skills:
 + Level 2.6 Dodging
 + Level 2.7 Stealth
 + Level 3.6 Spellcasting
 + Level 5.8 Conjurations


You had 9 spell levels left.
You knew the following spells:

 Your Spells              Type           Power      Damage    Failure   Level
a - Magic Dart            Conj           100%       1d8       1%          1

Your spell library contained the following spells:

 Spells                   Type           Power      Damage    Failure   Level
 Searing Ray              Conj           64%        3d5       1%          2
 Dazzling Flash           Conj/Hex       36%        N/A       10%         3
 Fulminant Prism          Conj/Hex       9%         3d7       30%         4
 Iskenderun's Mystic Bla  Conj/Tloc      18%        2d6       30%         4


Dungeon Overview and Level Annotations

Branches:
Dungeon (2/15)

Altars:

Shops:
D:1 [(*


Message History

Unknown command.
Casting: Magic Dart (safe; 1% risk of failure)
Confirm with . or Enter, or press ? or * to list all spells.
You don't know that spell.
Casting: Magic Dart (safe; 1% risk of failure)
Confirm with . or Enter, or press ? or * to list all spells.
Aiming: Magic Dart (safe; 1% risk of failure)
Press: ? - help, Shift-Dir - straight line, f/p - gnoll
Aim: a gnoll, wielding a +0 club (lightly wounded, 100% to hit)
The magic dart hits the gnoll.
The gnoll is moderately wounded.
Casting: Magic Dart (safe; 1% risk of failure)
Confirm with . or Enter, or press ? or * to list all spells.
Aiming: Magic Dart (safe; 1% risk of failure)
Press: ? - help, Shift-Dir - straight line, f/p - gnoll
Aim: a gnoll, wielding a +0 club (lightly wounded, 100% to hit)
The magic dart hits the gnoll.
The gnoll is moderately wounded.
Casting: Magic Dart (safe; 1% risk of failure)
Confirm with . or Enter, or press ? or * to list all spells.
Aiming: Magic Dart (safe; 1% risk of failure)
Press: ? - help, Shift-Dir - straight line, f/p - gnoll
Aim: a gnoll, wielding a +0 club (lightly wounded, 100% to hit)
The magic dart hits the gnoll.
The gnoll is heavily wounded.
The gnoll hits you with a +0 flail!
Casting: Magic Dart (safe; 1% risk of failure)
Confirm with . or Enter, or press ? or * to list all spells.
Aiming: Magic Dart (safe; 1% risk of failure)
Press: ? - help, Shift-Dir - straight line, f/p - gnoll
Aim: a gnoll, wielding a +0 club (lightly wounded, 100% to hit)
The magic dart hits the gnoll.
The gnoll is almost dead.
The gnoll hits you with a +0 flail!
* * * LOW HITPOINT WARNING * * *
A gnoll comes into view. It is wielding a +0 flail.
It was a potion of resistance.
You feel protected. The gnoll hits you with a +0 flail!
You die...

#############
#......@gg..#
#.####.####g# #.#
..# #.# #### #
#.#
##.######.#######
.................
#####.#...####.##
##...#.#......


You could see 3 gnolls.

Vanquished Creatures
  4 gnolls (D:2)
  A worm (D:2)
  3 bats
  3 endoplasms (D:1)
  2 goblins
  4 hobgoblins (D:1)
  3 jackals (D:1)
  2 quokkas
  4 ball pythons (D:1)
  A frilled lizard (D:2)
  3 kobolds (D:1)
30 creatures vanquished.

Notes
Turn   | Place    | Note
-------+----------+-------------------------------------------
     0 | D:1      | KrombopulosMichael the Deep Elf Conjurer began the quest
                  | for the Orb.
     0 | D:1      | Reached XP level 1. HP: 10/10 MP: 6/6
   277 | D:1      | Found Patruo's Armour Boutique.
   283 | D:1      | Reached XP level 2. HP: 15/15 MP: 4/8
   386 | D:1      | Reached skill level 5 in Conjurations
   610 | D:1      | Found Sacoh's Antique Weapon Boutique.
   611 | D:1      | Found Muhing's Assorted Antiques.
   619 | D:1      | Bought a scroll labelled FEEKHE KAHIE for 33 gold pieces
   818 | D:1      | You fall into a shaft and drop 1 floor!
   822 | D:2      | Reached XP level 3. HP: 19/19 MP: 7/9
   926 | D:2      | Reached XP level 4. HP: 17/24 MP: 2/11
  1276 | D:2      | Slain by a gnoll

Illustrated notes

Levels and vault maps discovered:
D:1:      dpeg_arrival_boxorama, layout_rooms, serial_shops, shop, shop,
          shop_fountains, serial_co_window_serial, co_window_of_opportunity_a,
          co_window_paths_a, co_window_of_opportunity_a, co_window_corner_a,
          co_window_paths_a, co_window_paths_b, co_window_paths_a,
          co_window_of_opportunity_a, co_window_corner_a, co_window_paths_c,
          co_window_broadway_c, co_window_broadway_c, co_window_unsneaky_path_b,
          co_window_of_opportunity_b, co_window_corner_b, glass_columns_b,
          glass_columns_b, glass_columns_a
D:2:      layout_loops_corners, hellmonk_ecumenical_altar_pennies_from_heaven,
          hex_large, roderic_lattice_a, hex_tiny

Skill      XL: |  1  2 |
---------------+-------+-----
Conjurations   | 5 |  5.8
Dodging        | |  2.6
Stealth        | |  2.7
Spellcasting   | |  3.6

Action                   |  1- 3 |  4- 6 || total
-------------------------+-------+-------++-------
 Cast: Magic Dart        |    51 |    16 ||    67
  Use: Scroll            |     2 |       ||     2
       Potion            |       |     1 ||     1
Dodge: Dodged            |     3 |     2 ||     5
